 Dungeon Crawl Stone Soup version 0.25-a0-670-g50981ef (webtiles) character file.

Game seed: 2629791162571958365, levelgen mode: deterministic

477 Faca the Skirmisher (level 7, -4/57 HPs)
             Began as a Human Fighter on Mar 29, 2020.
             Slain by an orc warrior
             ... wielding a +0 scimitar
              (9 damage)
             ... on level 7 of the Dungeon.
             The game lasted 00:06:01 (3148 turns).

Faca the Skirmisher (Human Fighter)                 Turns: 3148, Time: 00:06:02

Health: -4/57      AC: 12    Str: 18    XL:     7   Next: 33%
Magic:  7/7        EV:  4    Int:  8    God:
Gold:   185        SH:  9    Dex: 13    Spells: 6/6 levels left

rFire    . . .     SeeInvis .   a - +0 long sword
rCold    . . .     Gourm    .   c - +0 kite shield
rNeg     . . .     Faith    .   k - +0 chain mail
rPois    .         Spirit   .   (no helmet)
rElec    .         Reflect  .   l - +0 cloak (curse)
rCorr    .         Harm     .   i - +1 pair of gloves
MR       .....                  (no boots)
Stlth    ..........             (no amulet)
HPRegen  0.19/turn              (no ring)
MPRegen  0.10/turn              (no ring)

@: very slightly contaminated
A: no striking features
a: no special abilities


You were on level 7 of the Dungeon.
You were hungry.

You visited 1 branch of the dungeon, and saw 5 of its levels.

You collected 185 gold pieces.

Inventory:

Hand Weapons
 a - a +0 long sword (weapon)
Missiles
 h - 8 javelins (quivered)
Armour
 c - a +0 kite shield (worn)
 i - a +1 pair of gloves (worn)
 k - a +0 chain mail (worn)
 l - a cursed +0 cloak (worn)
Wands
 b - a wand of random effects (16)
Scrolls
 e - a scroll of blinking
 m - a scroll of remove curse {unknown}
 n - a scroll of teleportation
Potions
 g - a potion of heal wounds
 j - a potion of lignification {unknown}
Comestibles
 f - 6 rations


   Skills:
 + Level 5.9 Fighting
 + Level 5.4 Long Blades
 - Level 3.0 Armour
 - Level 3.0 Shields


You had 6 spell levels left.
You didn't know any spells.
Your spell library was empty.

Dungeon Overview and Level Annotations

Branches:
Dungeon (4/15)
 Temple: D:4-7

Altars:
Vehumet
Wu Jian
Xom

Annotations:
D:7 2 transporters


Message History

You feel better.
The orc warrior hits you but does no damage.
There is an open door here.
Found a scroll labeled KOJ YZXIONT.
You see here a hand axe.
You flicker for a moment.
You flicker back into view.
You hit the orc warrior but do no damage.
The orc warrior hits you with a +0 scimitar!
You hit the orc warrior.
The orc warrior is lightly wounded.
You block the orc warrior's attack.
You slash the orc warrior!
The orc warrior is moderately wounded.
The orc warrior hits you with a +0 scimitar!
* * * LOW HITPOINT WARNING * * *
You closely miss the orc warrior.
The orc warrior is moderately wounded.
The orc warrior hits you with a +0 scimitar!
You die...

#..#.....>#
#..#......#
#..'......#
+..#......#
#..#......#
#..#)...###
####....#
#....#
+..@.#
#..o.#
#....###
###....#
#....#
#....#
#....#
#....#
######


You could see an orc warrior.

Vanquished Creatures
  Sigmund (D:2)
  An ogre (D:4)
  A bullfrog skeleton (D:4)
  3 orc wizards
  3 adders
  A worm (D:3)
  2 dart slugs
  2 leopard geckos
  18 orcs
  4 giant cockroaches
  12 hobgoblins
  5 kobolds
  A quokka (D:3)
  A ball python (D:3)
  9 bats
  A frilled lizard (D:1)
  5 goblins
  5 rats
75 creatures vanquished.

Vanquished Creatures (others)
  9 fungi (D:4)
9 creatures vanquished.

Grand Total: 84 creatures vanquished

Notes
Turn   | Place    | Note
-------+----------+-------------------------------------------
     0 | D:1      | Faca the Human Fighter began the quest for the Orb.
     0 | D:1      | Reached XP level 1. HP: 18/18 MP: 1/1
   167 | D:1      | Reached XP level 2. HP: 24/24 MP: 2/2
   361 | D:1      | Reached XP level 3. HP: 27/29 MP: 3/3
   796 | D:2      | Noticed Sigmund
   804 | D:2      | Killed Sigmund
   804 | D:2      | Reached XP level 4. HP: 26/38 MP: 4/4
   804 | D:2      | Reached XP level 5. HP: 29/43 MP: 5/5
   914 | D:2      | Reached XP level 6. HP: 19/50 MP: 6/6
  1180 | D:2      | Reached skill level 5 in Fighting
  1442 | D:2      | Found a shimmering altar of Xom.
  1444 | D:2      | Found a shimmering altar of Xom.
  1444 | D:2      | Found a shimmering altar of Xom.
  1966 | D:3      | Found an ornate altar of the Wu Jian Council.
  2613 | D:4      | Reached skill level 5 in Long Blades
  2616 | D:4      | Reached XP level 7. HP: 19/56 MP: 7/7
  3012 | D:4      | Found a radiant altar of Vehumet.
  3016 | D:4      | You fall into a shaft and drop 3 floors!
  3016 | D:7      | Found a transporter.
  3063 | D:7      | Found a transporter.
  3148 | D:7      | Slain by an orc warrior

Levels and vault maps discovered:
D:1:      dpeg_arrival_orchard, layout_loops_ring, minmay_hexomino_c4
D:2:      layout_rooms, minmay_misc_feat_doors, xom_redecorated, uniq_sigmund
D:3:      layout_loops_corners, lemuel_doored_altar
D:4:      old_forge, layout_layer_cave, nicolae_overflow_crystal_walls,
          chequers_temple_overflow_statue_of_worship, serial_shops, shop
D:7:      gammafunk_steamed_eel, layout_gridville, zin_angel,
          minmay_temple_entry_glass, ebering_ghost_reflecting_pool

Skill      XL: |  1  2  3  4  5  6 |
---------------+-------------------+-----
Fighting       | 4 5 |  5.9
Long Blades    | 4 5 |  5.4
Armour         | |  3.0
Shields        | |  3.0

Action                   |  1- 3 |  4- 6 |  7- 9 || total
-------------------------+-------+-------+-------++-------
Melee: Long sword        |    62 |   193 |    34 ||   289
  Use: Scroll            |     2 |     5 |     1 ||     8
       Potion            |     1 |       |     4 ||     5
 Stab: Invisible         |       |       |     3 ||     3
  Eat: Chunk             |       |     6 |     1 ||     7
Armor: Scale mail        |    41 |    21 |       ||    62
       Chain mail        |       |   119 |    16 ||   135
Dodge: Dodged            |    18 |    34 |     6 ||    58
Block: Kite shield       |    34 |   106 |    14 ||   154
       Rpst.: Long sword |     8 |     8 |       ||    16

Table legend:
 A = Non-vault XP
 B = Vault XP
 C = Vault XP percentage of total XP
 D = Non-vault monster count
 E = Vault monster count
 F = Vault count percentage of total count
                 A         B        C        D         E       F
            +---------+---------+-------+---------+---------+-------
      Total |     456 |     226 |  33.1 |      71 |       4 |   5.3
            +---------+---------+-------+---------+---------+-------
        D:1 |      33 |       3 |   8.3 |      20 |       3 |  13.0
        D:2 |      72 |     223 |  75.6 |      10 |       1 |   9.1
        D:3 |     122 |       0 |   0.0 |      28 |       0 |   0.0
        D:4 |     214 |       0 |   0.0 |       8 |       0 |   0.0
        D:7 |      15 |       0 |   0.0 |       5 |       0 |   0.0
            +---------+---------+-------+---------+---------+-------
